 Dungeon Crawl Stone Soup version 0.26-a0-757-g626ac9e51a (webtiles) character file.

Game seed: 11124029905115762801

13 somkeydreadnuts the Chiller (level 2, 16/16 HPs)
             Began as a Deep Elf Ice Elementalist on Nov 8, 2020.
             Got out of the dungeon alive.
             The game lasted 00:03:25 (382 turns).

somkeydreadnuts the Chiller (DEIE)                   Turns: 382, Time: 00:03:26

Health: 16/16      AC:  2    Str:  5    XL:     2   Next: 24%
Magic:  8/8        EV: 13    Int: 15    God:
Gold:   12         SH:  0    Dex: 15    Spells: 6/7 levels left

rFire    . . .     SeeInvis .   (no weapon)
rCold    . . .     Faith    .   (no shield)
rNeg     . . .     Spirit   .   a - +0 robe
rPois    .         Reflect  .   (no helmet)
rElec    .         Harm     .   (no cloak)
rCorr    .         Rampage  .   (no gloves)
MR       .....                  (no boots)
Stlth    ++........             (no amulet)
HPRegen  0.05/turn              c - -4 ring of intelligence (curse)
MPRegen  0.11/turn              (no ring)

@: no status effects
A: no striking features
a: no special abilities


You escaped.
You visited 1 branch of the dungeon, and saw 1 of its levels.

You collected 12 gold pieces.

Inventory:

Armour
 a - a +0 robe (worn)
Jewellery
 c - a cursed -4 ring of intelligence (left hand)


   Skills:
 - Level 1.3 Fighting
 - Level 2.4 Dodging
 - Level 2.4 Stealth
 - Level 3.0 Spellcasting
 + Level 4.5 Ice Magic


You had 6 spell levels left.
You knew the following spells:

 Your Spells              Type           Power        Failure   Level
a - Freeze                Ice            ###.         3%          1

Your spell library contained the following spells:

 Spells                   Type           Power        Failure   Level
 Frozen Ramparts          Ice            ###...       10%         3
 Ozocubu's Armour         Ice            ###.....     10%         3
 Hailstorm                Conj/Ice       #.......     61%         4
 Summon Ice Beast         Ice/Summ       #.......     61%         4


Dungeon Overview and Level Annotations

Branches:
Dungeon (1/15)

Altars:


Message History

Unknown command.
Blink to where?
Press: ? - help, Dir - move target cursor, f - you Blink to where?
Press: ? - help, Dir - move target cursor, f - you Blink to where?
Press: ? - help, Dir - move target cursor, f - you Blink to where?
Press: ? - help, Dir - move target cursor, f - you
Okay, then.
As you read the scroll labeled POEGILOPIO, it crumbles to dust.
It was a scroll of blinking.
Your magical contamination has completely faded away.
You see here a leather armour.
There is a staircase leading out of the dungeon here.
You can't go down here!
Are you sure you want to leave the Dungeon?
This will make you lose the game!
Alright, then stay!
Are you sure you want to leave the Dungeon?
This will make you lose the game!
You have escaped!

##################
#....#.##...#..#.#
#.#...#..##..##..#
.#..#..#.#..#..###
.##.##..##.####..#
..(..#..#[#...##.#
#..#...#..###.#.##
....#..#.#.###..##
...)..##.##..###@#
..#...#.##.#...#.#
#..#...#.######.##
.#...#..#...#.###
......##.###.#.###
#....#...#.#.##..#
.#....##.#..##..##
...##...##.#..#..#
##################


There were no monsters in sight!

Vanquished Creatures
  An ooze (D:1)
  2 goblins (D:1)
  2 kobolds (D:1)
  2 bats (D:1)
  A frilled lizard (D:1)
  2 rats (D:1)
10 creatures vanquished.

Notes
Turn   | Place    | Note
-------+----------+-------------------------------------------
     0 | D:1      | somkeydreadnuts the Deep Elf Ice Elementalist began the
                  | quest for the Orb.
     0 | D:1      | Reached XP level 1. HP: 10/10 MP: 6/6
    55 | D:1      | Reached skill level 1 in Fighting
    55 | D:1      | Reached XP level 2. HP: 5/16 MP: 1/8
   382 | D:$      | Got out of the dungeon alive.

Illustrated notes

Levels and vault maps discovered:
D:1:      erik_arrival_cave_to_civilisation [erik_arrival_cave_to_temple],
          layout_basic

Skill      XL: |  1 |
---------------+----+-----
Fighting       | 1 |  1.3
Dodging        | |  2.4
Stealth        | |  2.4
Spellcasting   | |  3.0
Ice Magic      | |  4.5

Action                   || total
-------------------------++-------
Melee: Unarmed           ||    14
 Cast: Freeze            ||    10
  Use: Scroll            ||     1
Armor: Robe              ||     3
Dodge: Dodged            ||    15

Table legend: (Time is in decaauts)
 A = Elapsed time spent in this place.
 B = Non-inter-level travel time spent in this place.
 C = Inter-level travel time spent in this place.
 D = Time resting spent in this place.
 E = Time spent auto-exploring this place.
 F = Levels seen in this place.
 G = Mean time per level.
                   A        B        C        D        E       F      G
               +--------+--------+--------+--------+--------+-----+--------+
         Total |    381 |    368 |     13 |      0 |    299 |   1 |  381.0 |
       Dungeon |    381 |    368 |     13 |      0 |    299 |   1 |  381.0 |
               +--------+--------+--------+--------+--------+-----+--------+

Top non-repeatable levels by time:
     D:1: 381 daAuts
